 Dungeon Crawl Stone Soup version 0.23.2-1-ga50397a (webtiles) character file.

Game seed: 3480803400958098290

8969 Borgoz the Slicer (level 11, 0/66 HPs)
             Began as a Halfling Gladiator on May 25, 2019.
             Was an Initiate of Ashenzari.
             Killed by vampiric draining
             ... invoked by a vampire
              (11 damage)
             ... on level 10 of the Dungeon.
             The game lasted 00:17:24 (12300 turns).

Borgoz the Slicer (Halfling Gladiator)             Turns: 12300, Time: 00:17:24

Health: 0/66       AC: 25    Str: 23    XL:     11   Next: 65%
Magic:  14/14      EV: 20    Int:  6    God:    Ashenzari [......]
Gold:   576        SH:  0    Dex: 17    Spells: 10/10 levels left

rFire    . . .     SeeInvis .   y - +2 rapier (protect)
rCold    . . .     Gourm    .   (shield restricted)
rNeg     . . .     Faith    .   w - +0 plate armour
rPois    .         Spirit   .   L - +1 helmet
rElec    .         Reflect  .   H - +0 cloak
rCorr    .         Harm     .   (no gloves)
MR       .....                  K - +0 pair of boots
Stlth    ..........             (no amulet)
HPRegen  0.21/turn              o - +3 ring of evasion
MPRegen  0.14/turn              c - +3 ring of evasion

@: mighty, protection aura, berserk cooldown, slowed, very slow
A: small, frail 1, mutation resistance 1
a: Curse Item, Renounce Religion


You were on level 10 of the Dungeon.
You worshipped Ashenzari.
Ashenzari was noncommittal.
You were very hungry.

You visited 2 branches of the dungeon, and saw 11 of its levels.
You also visited: Sewer.

You collected 600 gold pieces.
You spent 24 gold pieces at shops.

Inventory:

Hand Weapons
 a - a +0 rapier
 r - a +1 dagger of venom
 y - a +2 rapier of protection (weapon)
Missiles
 d - 3 throwing nets (quivered)
Armour
 w - a +0 plate armour (worn)
 H - a +0 cloak (worn)
 K - a +0 pair of boots (worn)
 L - a +1 helmet (worn)
Jewellery
 c - a +3 ring of evasion (right hand)
 k - an uncursed ring of ice
 l - an uncursed ring of stealth
 o - a +3 ring of evasion (left hand)
 z - the ring of Kuseun {Ice *Contam Str+3 Stlth+}
   (You found it on level 5 of the Dungeon)

   [ring of ice]

   It enhances your ice magic.
   It affects your strength (+3).
   It makes you vulnerable to fire.
   It protects you from cold.
   It causes magical contamination when unequipped.
   It makes you more stealthy.
 A - an uncursed ring of wizardry
Wands
 t - a wand of paralysis (7)
 u - a wand of polymorph (6)
 x - a wand of acid (7)
 D - a wand of enslavement (13)
 E - a wand of iceblast (8)
Scrolls
 e - a scroll of fog
 g - 2 scrolls of fear
 i - 5 scrolls of magic mapping
 s - 2 scrolls of identify
 G - a scroll of amnesia
 I - a scroll of remove curse
 J - 2 scrolls of teleportation
Potions
 j - 4 potions of magic
 m - 6 potions of heal wounds
 n - 3 potions of might
 p - a potion of mutation
 v - 3 potions of flight
 B - a potion of cancellation
 C - 2 potions of curing
 F - 4 potions of haste
Comestibles
 f - 16 rations


   Skills:
 + Level 6.9 Fighting
 * Level 12.4 Short Blades
 - Level 2.0 Throwing
 + Level 7.7 Armour
 + Level 8.7 Dodging
 - Level 5.0 Stealth
 + Level 4.7 Evocations


You had 10 spell levels left.
You didn't know any spells.
Your spell library contained the following spells:

 Spells                   Type           Power        Failure   Level  Hunger
 Flame Tongue             Conj/Fire      #....        100%        1    ##.....
 Freeze                   Ice            #...         100%        1    ##.....
 Magic Dart               Conj           #...         100%        1    ##.....
 Shock                    Conj/Air       #...         100%        1    ##.....
 Summon Small Mammal      Summ           #...         100%        1    ##.....
 Blink                    Tloc           N/A          100%        2    ###....
 Call Imp                 Summ           #.......     100%        2    ###....
 Slow                     Hex            #.......     100%        2    ###....
 Swiftness                Chrm/Air       #.......     100%        2    ###....
 Throw Flame              Conj/Fire      #.....       100%        2    ###....
 Throw Frost              Conj/Ice       #.....       100%        2    ###....
 Call Canine Familiar     Summ           #.......     100%        3    ####...
 Conjure Flame            Conj/Fire      #.......     100%        3    ####...
 Inner Flame              Hex/Fire       #.......     100%        3    ####...
 Mephitic Cloud           Conj/Pois/Air  #.......     100%        3    ####...
 Ozocubu's Armour         Chrm/Ice       #.......     100%        3    ####...
 Static Discharge         Conj/Air       #.......     100%        3    ####...
 Summon Guardian Golem    Hex/Summ       #.......     100%        3    ####...
 Airstrike                Air            #.........   100%        4    #####..
 Sticky Flame             Conj/Fire      #.......     100%        4    #####..
 Summon Ice Beast         Ice/Summ       #.......     100%        4    #####..
 Summon Lightning Spire   Summ/Air       #.......     100%        4    #####..
 Throw Icicle             Conj/Ice       #.......     100%        4    #####..
 Fireball                 Conj/Fire      #.........   100%        5    ######.
 Lightning Bolt           Conj/Air       #.........   100%        5    ######.


Dungeon Overview and Level Annotations

Branches:
Dungeon (10/15)            Temple (1/1) D:7
   Lair: D:8-11         Orc: D:9-12

Altars:
Ashenzari
Cheibriados
Dithmenos
Elyvilon
Fedhas
Gozag
Hepliaklqana
Kikubaaqudgha
Makhleb
Nemelex Xobeh
Okawaru
Qazlal
Ru
Sif Muna
Trog
Uskayaw
Vehumet
Wu Jian
Xom
Yredelemnul
Zin
The Shining One

Shops:
D:5 =   D:9 }!=%*   D:10 [

Portals:
Trove: D:10 (give 4 potions of resistance)


Innate Abilities, Weirdness & Mutations

You are small and have problems with some larger weapons.
You are somewhat resistant to further mutation.
You are frail. (-10% HP)


Message History

You closely miss something. The hound bites you but does no damage.
You miss something. The hound misses you. Something barely misses you.
Something bites you but does no damage.
You puncture something! The hound barely misses you.
Something hits you but does no damage. Something misses you.
The hound misses you.
You hit something but do no damage. Something hits you but does no damage.
Something bites you but does no damage. The hound closely misses you.
Your plate armour prevents you from hitting something.
The hound closely misses you. Something closely misses you.
Something bites you but does no damage.
You miss something. The hound bites you but does no damage.
Something hits you but does no damage. Something closely misses you.
The hound completely misses you.
You puncture something!
Unholy energy fills the air.
* * * LOW HITPOINT WARNING * * *
The hound completely misses you.
You hit something but do no damage. The hound closely misses you.
You hit something.
Unholy energy fills the air.
You die...

.........####.##..##.... ..
####...## #.#...####.####.#
#...# #.#.#..........[.
####...#####.#.#)..........#
#.<.......#..#...###.....≈≈≈
#....∩....#.#...###..≈..≈.≈≈
#..........hh..Z.hh......≈≈≈
#.........#{#.#####h...;≈≈≈≈
#...(.....#@#.# #....≈≈≈≈o
#.........#h#.# #...h≈≈≈≈o
#..........T..# ##...≈≈≈hh
#######.#######.####
#...≈≈≈≈. ........# #.#
#.≈≈h.≈h≈ ........# ####.###
#....≈≈T.
........####......#
#..≈..≈≈≈
.....[................
.....≈≈≈≈
........####......####


You could see a troll and 3 hounds.

Vanquished Creatures
  Erica (D:9)
  2 two-headed ogres
  Maurice (D:8)
  Psyche (D:8)
  Prince Ribbit (D:9)
  2 hippogriffs (D:9)
  10 yaks
  A wyvern (D:10)
  A wraith (D:10)
  A hungry ghost (D:10)
  A steam dragon (D:9)
  Grum (D:8)
  3 orc warriors
  An eye of draining (D:9)
  A black bear (D:10)
  A sky beast (D:8)
  An ogre (D:4)
  4 wolves (D:8)
  5 centaurs
  A big kobold (D:7)
  8 bullfrogs
  2 wyvern skeletons (D:10)
  5 scorpions
  5 wights (D:9)
  2 howler monkeys (D:4)
  4 crimson imps
  A quasit (D:10)
  A bullfrog zombie (D:8)
  2 jellies
  2 orc priests
  2 bullfrog skeletons (D:6)
  5 hounds
  5 orc wizards
  Jessica (D:3)
  5 iguanas
  A worker ant (D:7)
  A killer bee zombie (D:10)
  A hound zombie (D:5)
  3 gnolls (D:4)
  2 howler monkey skeletons
  15 adders
  2 river rats (Sewer)
  A shadow imp (D:10)
  An ooze (Sewer)
  2 worms
  5 dart slugs
  8 leopard geckos
  26 orcs
  15 ball pythons (Sewer)
  6 bats
  9 giant cockroaches
  10 goblins
  6 hobgoblins
  10 jackals
  8 quokkas
  7 frilled lizards
  13 kobolds
  32 rats
274 creatures vanquished.

Vanquished Creatures (others)
  An adder (D:10)
  A worm (D:2)
2 creatures vanquished.

Grand Total: 276 creatures vanquished

Notes
Turn   | Place    | Note
-------+----------+-------------------------------------------
     0 | D:1      | Borgoz the Halfling Gladiator began the quest for the Orb.
     0 | D:1      | Reached XP level 1. HP: 14/14 MP: 1/1
   121 | D:1      | Reached XP level 2. HP: 19/19 MP: 2/2
   194 | D:1      | Reached skill level 4 in Short Blades
   451 | D:1      | Reached XP level 3. HP: 10/24 MP: 3/3
   454 | D:1      | Reached skill level 1 in Armour
  1161 | D:2      | Reached XP level 4. HP: 16/29 MP: 4/4
  1357 | D:2      | Reached skill level 1 in Stealth
  1590 | D:2      | Found a stormy altar of Qazlal.
  1872 | D:2      | Reached XP level 5. HP: 33/35 MP: 5/5
  2052 | D:2      | Found a sparkling altar of Nemelex Xobeh.
  2145 | D:3      | Reached skill level 5 in Short Blades
  2262 | D:3      | Found a glowing drain.
  2302 | Sewer    | Entered a sewer
  2498 | Sewer    | Reached XP level 6. HP: 30/41 MP: 6/6
  2829 | Sewer    | HP: 2/41 [poisoned by an adder]
  3042 | Sewer    | Reached XP level 7. HP: 9/46 MP: 7/7
  3349 | D:3      | Noticed Jessica
  3356 | D:3      | Killed Jessica
  3356 | D:3      | Reached skill level 6 in Short Blades
  4381 | D:4      | Reached skill level 5 in Dodging
  4425 | D:4      | Reached XP level 8. HP: 52/52 MP: 8/8
  4864 | D:4      | Reached skill level 7 in Short Blades
  5036 | D:5      | Entered Level 5 of the Dungeon
  5157 | D:5      | Got a fine platinum ring
  5616 | D:5      | Found a blossoming altar of Fedhas.
  5887 | D:5      | Found a radiant altar of Vehumet.
  5888 | D:5      | Found a burning altar of Makhleb.
  5989 | D:5      | Found Jiny's Jewellery Shoppe.
  6304 | D:6      | Reached skill level 8 in Short Blades
  6380 | D:6      | Identified the ring of Kuseun {Ice *Contam Str+3 Stlth+}
                  | (You found it on level 5 of the Dungeon)
  6433 | D:6      | Reached XP level 9. HP: 32/58 MP: 9/9
  6714 | D:6      | Found a sacrificial altar of Ru.
  7168 | D:6      | Gained mutation: You are frail. (-10% HP) [mutagenic glow]
  7329 | D:7      | Reached skill level 5 in Stealth
  7677 | D:7      | You fall through a shaft!
  7678 | D:8      | Reached skill level 9 in Short Blades
  7754 | D:8      | Noticed a two-headed ogre
  7776 | D:8      | Killed a two-headed ogre
  7776 | D:8      | Reached skill level 5 in Fighting
  7776 | D:8      | Reached skill level 5 in Armour
  8219 | D:8      | Found a basalt altar of Yredelemnul.
  8573 | D:7      | Reached XP level 10. HP: 59/59 MP: 10/10
  8653 | D:7      | Found a staircase to the Ecumenical Temple.
  8788 | D:7      | Found a snail-covered altar of Cheibriados.
  8841 | Temple   | Entered the Ecumenical Temple
  8938 | Temple   | Became a worshipper of Ashenzari the Shackled
  9120 | D:7      | Reached skill level 10 in Short Blades
  9177 | D:8      | Noticed Grum
  9184 | D:8      | Reached skill level 1 in Evocations
  9211 | D:8      | Killed Grum
  9623 | D:8      | Noticed Psyche
  9648 | D:8      | Killed Psyche
  9778 | D:8      | Noticed Maurice
  9792 | D:8      | Killed Maurice
 10126 | D:9      | Reached skill level 11 in Short Blades
 10506 | D:9      | Noticed Prince Ribbit
 10529 | D:9      | Killed Prince Ribbit
 10529 | D:9      | Reached XP level 11. HP: 64/64 MP: 13/13
 10557 | D:9      | Found Caschoj's Distillery.
 10853 | D:9      | Noticed Erica
 10870 | D:9      | Killed Erica
 11263 | D:9      | Found Tyossuis's Gadget Boutique.
 11444 | D:9      | Found Puguhagg's Jewellery Shoppe.
 11511 | D:9      | Found Jiarexi's Assorted Antiques.
 11624 | D:9      | Found Benaphud's Food Boutique.
 11855 | D:10     | Entered Level 10 of the Dungeon
 11855 | D:10     | Found Fahybb's Armour Boutique.
 11873 | D:10     | Reached skill level 12 in Short Blades
 11912 | D:10     | Noticed a two-headed ogre
 11923 | D:10     | Killed a two-headed ogre
 11991 | D:10     | Found a portal to a secret trove of treasure.
 12180 | D:9      | Bought a cyan potion for 24 gold pieces
 12300 | D:10     | Killed from afar by a vampire

Skill      XL: |  1  2  3  4  5  6  7  8  9 10 11 |
---------------+----------------------------------+-----
Fighting       | 2 3 4 5 6 |  6.9
Short Blades   | 4 5 6 8 9 11 12 | 12.4
Armour         | 1 2 3 4 5 6 7 |  7.7
Stealth        | 1 2 3 4 5 |  5.0
Dodging        | 4 5 6 7 8 |  8.7
Evocations     | 3 4 |  4.7
Throwing       | |  2.0

Action                   |  1- 3 |  4- 6 |  7- 9 | 10-12 || total
-------------------------+-------+-------+-------+-------++-------
Melee: Rapier            |   113 |   108 |    14 |   495 ||   730
       Dagger            |       |   226 |   479 |       ||   705
       Unarmed           |       |       |       |    22 ||    22
Throw: Throwing net      |       |       |       |     2 ||     2
Evoke: Wand              |       |       |     2 |     1 ||     3
  Use: Scroll            |       |     7 |    16 |     2 ||    25
       Potion            |       |     4 |     1 |     3 ||     8
 Stab: Sleeping          |       |       |    17 |     1 ||    18
       Distracted        |       |       |     1 |     1 ||     2
       Held in net/web   |       |       |       |     2 ||     2
  Eat: Chunk             |     1 |     6 |    15 |    12 ||    34
       Ration            |       |       |     1 |       ||     1
Armor: Leather armour    |    24 |    65 |    54 |    31 ||   174
       Skin              |       |       |       |     2 ||     2
       Plate armour      |       |       |       |    90 ||    90
Dodge: Dodged            |   123 |   427 |   352 |   407 ||  1309
